 Dungeon Sprint DCSS version 0.31-a0-1616-gbeaec30b81 (webtiles) character file.

Game seed: 7322700606097507606

25 zazu2006 the Magician (level 3, 0/29 HPs)
             Began as a Gnoll Wanderer on Jan 10, 2024.
             Was a Priest of Vehumet.
             Slain by a quasit (1 damage)
             ... in the Dungeon (Sprint VII: "The Pits").
             The game lasted 00:01:36 (137 turns).

zazu2006 the Magician (Gnoll Wanderer)               Turns: 137, Time: 00:01:37

Health: 0/29       AC:  2    Str: 11      XL:     3   Next: 4%
Magic:  11/11      EV: 12    Int: 14      God:    Vehumet [***...]
Gold:   0          SH:  0    Dex:  5 (10) Spells: 14/16 levels left

rFire   . . .        k - +2 falchion
rCold   . . .        (no shield)
rNeg    . . .        e - +0 robe
rPois   .            (no helmet)
rElec   .            (no cloak)
rCorr   .            (no gloves)
SInv    .            (no boots)
Will    .....        (no amulet)
Stlth   ++           (no ring)
HPRegen 0.24/turn    (no ring)
MPRegen 0.12/turn

%: no teleportation
@: no status effects
A: fangs 1, strong nose, distributed training
a: Renounce Religion


You were in the Dungeon.
You worshipped Vehumet.
Vehumet was most pleased with you.
You visited 1 branch

Inventory:

Hand Weapons
 a - a +2 dagger
 k - a +2 falchion (weapon)
Missiles
 b - 3 curare-tipped darts (quivered)
Armour
 e - a +0 robe (worn)
Scrolls
 c - a scroll of teleportation
 j - a scroll of blinking
 m - 2 scrolls of vulnerability
 n - 5 scrolls of amnesia
 o - a scroll of summoning
Potions
 d - 2 potions of haste
 f - a potion of curing
 g - a potion of heal wounds
 h - 4 potions of magic
 i - 3 potions of berserk rage
 l - 2 potions of invisibility


   Skills:
 + Level 3.1 Fighting
 + Level 1.8 Short Blades
 + Level 1.8 Long Blades
 + Level 1.8 Axes
 + Level 1.8 Maces & Flails
 + Level 1.8 Polearms
 + Level 1.8 Staves
 + Level 1.8 Ranged Weapons
 + Level 6.8 Throwing
 + Level 3.1 Armour
 + Level 3.1 Dodging
 + Level 3.0 Stealth
 + Level 1.8 Shields
 + Level 1.8 Unarmed Combat
 + Level 7.4 Spellcasting
 + Level 1.4 Conjurations
 + Level 1.4 Hexes
 + Level 1.4 Summonings
 + Level 1.4 Necromancy
 + Level 1.4 Translocations
 + Level 1.4 Fire Magic
 + Level 1.4 Ice Magic
 + Level 1.4 Air Magic
 + Level 1.4 Earth Magic
 + Level 1.4 Alchemy
 + Level 2.0 Invocations
 + Level 1.8 Evocations
 + Level 1.6 Shapeshifting


You had 14 spell levels left.
You knew the following spells:

 Your Spells              Type           Power      Damage    Failure   Level
a - Apportation           Tloc           18%        N/A       8%          1
b - Magic Dart            Conj           36%        1d4       2%          1

Your spell library contained the following spells:

 Spells                   Type           Power      Damage    Failure   Level
 Searing Ray              Conj           18%        2d5       3%          2
 Gell's Gravitas          Tloc           9%         N/A       22%         3


Dungeon Overview and Level Annotations

Branches:
Dungeon (1/1)

Altars:
Ashenzari
Cheibriados
Dithmenos
Elyvilon
Fedhas
Gozag
Hepliaklqana
Kikubaaqudgha
Makhleb
Nemelex Xobeh
Okawaru
Qazlal
Ru
Sif Muna
Trog
Uskayaw
Vehumet
Wu Jian
Xom
Yredelemnul
Zin
The Shining One
Jiyva
Lugonu


Innate Abilities, Weirdness & Mutations

You have very sharp teeth.
Your uncanny sense of smell can sniff out nearby items.
Your experience applies equally to all skills.


Message History

The quasit claws you but does no damage.
You closely miss the quasit.
The quasit is moderately wounded.
The quasit closely misses you.
The quasit claws you but does no damage.
The quasit claws you.
You barely miss the quasit.
The quasit is moderately wounded.
The quasit closely misses you. x2
The quasit claws you but does no damage.
The quasit bites you. The quasit completely misses you.
The quasit claws you but does no damage.
You closely miss the quasit. Your punch misses the quasit.
The quasit is lightly wounded.
The quasit bites you but does no damage.
The quasit closely misses you. The quasit barely misses you.
You closely miss the quasit. Your punch misses the quasit.
The quasit is lightly wounded.
The quasit bites you.
* * * LOW HITPOINT WARNING * * *
You feel clumsy.
The quasit claws you but does no damage.
The quasit closely misses you. The quasit bites you.
* * * LOW HITPOINT WARNING * * *
You feel clumsy. The quasit claws you.
* * * LOW HITPOINT WARNING * * *
You feel clumsy. The quasit claws you.
* * * LOW HITPOINT WARNING * * *
You feel clumsy.
You closely miss the quasit.
The quasit is lightly wounded.
The quasit closely misses you. The quasit barely misses you.
The quasit closely misses you.
The quasit bites you but does no damage.
The quasit claws you.
* * * LOW HITPOINT WARNING * * *
The quasit claws you.
You die...

##########.##..........
#...........'..........
#+#####)#####......#..#
#..#..#∆∆ #..........
#..(..#∆∆ ####'#####+
#..####∆∆ #.......#
#..#..#∆∆ #.......#
#..#5.#∆∆ #.......#
##)#@.#+###...<...#
#........##.......#
#........##.......#
###########.......#
######### ∆∆∆∆


You could see a quasit.

Vanquished Creatures
  A river rat (D)
  An adder zombie (D)
  An endoplasm (D)
  2 giant cockroaches (D)
  A goblin (D)
  3 jackals (D)
  2 kobolds (D)
11 creatures vanquished.

Notes
Turn   | Place    | Note
-------+----------+-------------------------------------------
     0 | D        | zazu2006 the Gnoll Wanderer began the quest for the Orb.
     0 | D        | zazu2006 set off with the following items: a +2 dagger, 3
                  | curare-tipped darts, a scroll of teleportation, 2 potions
                  | of haste, a +0 robe, a potion of curing, a potion of heal
                  | wounds, 2 potions of magic, a potion of berserk rage, a
                  | scroll of blinking; and the following spell memorised:
                  | Apportation; and the following spells available to
                  | memorise: Gell's Gravitas.
     0 | D        | Reached XP level 1. HP: 17/17 MP: 8/8
    42 | D        | Found a bloodstained altar of Trog.
    42 | D        | Found a shimmering blue altar of Sif Muna.
    42 | D        | Found a viscous altar of Jiyva.
    42 | D        | Found a hazy altar of Hepliaklqana.
    42 | D        | Found an opulent altar of Gozag.
    43 | D        | Found a glowing golden altar of the Shining One.
    43 | D        | Found a glowing silver altar of Zin.
    43 | D        | Found a basalt altar of Yredelemnul.
    43 | D        | Found a shimmering altar of Xom.
    43 | D        | Found an ornate altar of the Wu Jian Council.
    43 | D        | Found a sacrificial altar of Ru.
    43 | D        | Found a stormy altar of Qazlal.
    43 | D        | Found an iron altar of Okawaru.
    43 | D        | Found a sparkling altar of Nemelex Xobeh.
    43 | D        | Found a burning altar of Makhleb.
    43 | D        | Found a blossoming altar of Fedhas.
    43 | D        | Found a white marble altar of Elyvilon.
    43 | D        | Found a shadowy altar of Dithmenos.
    43 | D        | Found a snail-covered altar of Cheibriados.
    45 | D        | Found a radiant altar of Vehumet.
    45 | D        | Found a corrupted altar of Lugonu.
    46 | D        | Found a hide-covered altar of Uskayaw.
    46 | D        | Found an ancient bone altar of Kikubaaqudgha.
    46 | D        | Found a broken altar of Ashenzari.
    53 | D        | Became a worshipper of Vehumet
    86 | D        | Reached * piety under Vehumet
    86 | D        | Offered knowledge of Magic Dart by Vehumet.
    87 | D        | Reached skill level 1 in Invocations
    89 | D        | Reached skill level 1 in Short Blades
    89 | D        | Reached skill level 1 in Long Blades
    89 | D        | Reached skill level 1 in Axes
    89 | D        | Reached skill level 1 in Maces & Flails
    89 | D        | Reached skill level 1 in Polearms
    89 | D        | Reached skill level 1 in Staves
    89 | D        | Reached skill level 1 in Ranged Weapons
    89 | D        | Reached skill level 1 in Shields
    89 | D        | Reached skill level 1 in Unarmed Combat
    89 | D        | Reached skill level 1 in Evocations
    90 | D        | Reached skill level 1 in Shapeshifting
    90 | D        | Reached XP level 2. HP: 23/23 MP: 10/10
    90 | D        | Reached ** piety under Vehumet
    91 | D        | Reached skill level 1 in Conjurations
    91 | D        | Reached skill level 1 in Hexes
    91 | D        | Reached skill level 1 in Summonings
    91 | D        | Reached skill level 1 in Necromancy
    91 | D        | Reached skill level 1 in Translocations
    91 | D        | Reached skill level 1 in Fire Magic
    91 | D        | Reached skill level 1 in Ice Magic
    91 | D        | Reached skill level 1 in Air Magic
    91 | D        | Reached skill level 1 in Earth Magic
    91 | D        | Reached skill level 1 in Alchemy
    96 | D        | Learned a level 1 spell: Magic Dart
   118 | D        | Offered knowledge of Searing Ray by Vehumet.
   122 | D        | Reached XP level 3. HP: 15/29 MP: 9/11
   129 | D        | Reached *** piety under Vehumet
   137 | D        | HP: 1/29 [quasit (2)]
   137 | D        | Slain by a quasit

Illustrated notes

Levels and vault maps discovered:
D:        pitsprint [storerooms_1, entrance_room_1, metal_vault_2, armoury_2,
          mini_pit_1, grid_room_1, main_hall_1, silver_pit, the_coven_2,
          the_vestibule_1, steel_vault_4, golden_pit, hallway_of_sentries,
          crystal_vault_1, iron_vault_1, final_vault]

Skill      XL: |  1  2 |
---------------+-------+-----
Invocations    | 1 2 |  2.0
Short Blades   | 1 |  1.8
Long Blades    | 1 |  1.8
Axes           | 1 |  1.8
Maces & Flails | 1 |  1.8
Polearms       | 1 |  1.8
Staves         | 1 |  1.8
Ranged Weapons | 1 |  1.8
Shields        | 1 |  1.8
Unarmed Combat | 1 |  1.8
Evocations     | 1 |  1.8
Shapeshifting  | 1 |  1.6
Conjurations   | 1 |  1.4
Hexes          | 1 |  1.4
Summonings     | 1 |  1.4
Necromancy     | 1 |  1.4
Translocations | 1 |  1.4
Fire Magic     | 1 |  1.4
Ice Magic      | 1 |  1.4
Air Magic      | 1 |  1.4
Earth Magic    | 1 |  1.4
Alchemy        | 1 |  1.4
Fighting       | 3 |  3.1
Armour         | 3 |  3.1
Dodging        | 3 |  3.1
Stealth        | 3 |  3.0
Throwing       | |  6.8
Spellcasting   | |  7.4

Action                     || total
---------------------------++-------
  Melee: Falchion          ||    32
         Dagger            ||     4
         Bite              ||     4
   Cast: Magic Dart        ||     2
         Apportation       ||     1
 Armour: Robe              ||    41
  Dodge: Dodged            ||    36

Table legend: (Time is in decaauts)
 A = Elapsed time spent in this place.
 B = Non-inter-level travel time spent in this place.
 C = Inter-level travel time spent in this place.
 D = Time resting spent in this place.
 E = Time spent auto-exploring this place.
 F = Levels seen in this place.
 G = Mean time per level.
                   A        B        C        D        E       F      G
               +--------+--------+--------+--------+--------+-----+--------+
         Total |    143 |    135 |      8 |      0 |      8 |   1 |  143.0 |
       Dungeon |    143 |    135 |      8 |      0 |      8 |   1 |  143.0 |
               +--------+--------+--------+--------+--------+-----+--------+

Top non-repeatable levels by time:
       D: 143 daAuts
